 Dungeon Crawl Stone Soup version 0.30-a0-329-g85436e0a43 (webtiles) character file.

Game seed: 17458334376034702572

119 MTVSty1e the Chopper (level 4, 0/41 HPs)
             Began as a Minotaur Fighter on Oct 28, 2022.
             Slain by an orc
             ... wielding a +0 war axe
              (4 damage)
             ... on level 3 of the Dungeon.
             The game lasted 00:02:15 (1922 turns).

MTVSty1e the Chopper (Minotaur Fighter)             Turns: 1922, Time: 00:02:16

Health: 0/41       AC:  6    Str: 20 (23) XL:     4   Next: 74%
Magic:  3/3        EV:  9    Int:  2 (5)  God:
Gold:   121        SH:  4    Dex:  7 (9)  Spells: 3/3 levels left

rFire   . . .      SeeInvis .    a - +1 war axe
rCold   . . .      Faith    .    c - +0 buckler
rNeg    + . .      Spirit   .    b - +0 scale mail
rPois   .          Reflect  .    (helmet restricted)
rElec   .          Harm     .    (no cloak)
rCorr   .          Rampage  .    (no gloves)
Will    .....                    (no boots)
Stlth   ..........               (no amulet)
HPRegen 0.26/turn                n - ring of positive energy
MPRegen 0.08/turn                (no ring)

@: mighty
A: horns 2, retaliatory headbutt
a: no special abilities


You were on level 3 of the Dungeon.
You visited 1 branch of the dungeon, and saw 3 of its levels.

You collected 121 gold pieces.

Inventory:

Hand Weapons
 a - a +1 war axe (weapon)
Armour
 b - a +0 scale mail (worn)
 c - a +0 buckler (worn)
Jewellery
 h - an amulet of magic regeneration
 n - a ring of positive energy (left hand)
Wands
 d - a wand of mindburst (16)
Scrolls
 f - a scroll of teleportation
 m - a scroll of identify
Potions
 g - 3 potions of curing
 k - a potion of haste {unknown}
 l - a potion of magic {unknown}


   Skills:
 + Level 4.8 Fighting
 * Level 5.1 Axes
 - Level 3.6 Armour
 - Level 3.6 Shields


You had 3 spell levels left.
You didn't know any spells.
Your spell library was empty.

Dungeon Overview and Level Annotations

Branches:
Dungeon (3/15)

Altars:

Annotations:
D:3 1 transporter, Terence; gabibbone's ghost, amateur SpEn


Innate Abilities, Weirdness & Mutations

You have a pair of horns on your head.
You reflexively headbutt those who attack you in melee.


Message History

You kill the orc!
The orc closely misses you. The dart slug launches a dart at you.
The slug dart hits you.
The orc hits you from afar with a +0 trident.
The orc closely misses you.
You hit the orc.
The orc is heavily wounded.
The orc hits you from afar with a +0 trident.
The dart slug launches a dart at you.
The slug dart hits you but does no damage.
The orc hits you with a +0 war axe. The dart slug launches a dart at you.
The slug dart hits you.
You are too injured to fight recklessly!
You are too injured to fight recklessly!
You are too injured to fight recklessly!
Found a gilded ring.
The orc barely misses you. The orc hits you with a +0 trident.
The dart slug launches a dart at you. The slug dart hits you.
You feel very mighty all of a sudden.
You block the orc's attack. x2; Terence hits you but does no damage.
You hit the orc.
The orc is severely wounded.
You completely miss the orc. You barely miss the dart slug.
You slash the dart slug! You barely miss Terence.
Terence hits you with a +0 flail!
* * * LOW HITPOINT WARNING * * *
You block the orc's attack. The dart slug launches a dart at you.
The slug dart hits you.
* * * LOW HITPOINT WARNING * * *
The dart slug barely misses you. The orc barely misses you.
Okay, then.
It was a potion of degeneration.
There was something very wrong with that liquid.
You feel weakened.
You feel dopey.
You feel clumsy. Terence barely misses you. The orc hits you with a +0 war axe.
You die...

...#'## .......# ...
...#.# ####......######+
...#.# #................
...#.# #.......)........
...#.# #................
##.#.###................
................w.......
................ww......
.#########...##o@@......
##.....wl##..##.o......=
#8.#...#Y8#..##.........
#...#.#.Wg#..##.........
#........S#..#..........
#....©...(#©............
.......!#..###########
.#.#...#..#


You could see Terence, 3 dart slugs and 2 orcs.

Vanquished Creatures
  Ijyb (D:2)
  Robin (D:3)
  An adder (D:3)
  2 worms (D:2)
  A dart slug (D:2)
  2 orcs (D:3)
  3 ball pythons
  4 endoplasms
  5 giant cockroaches
  6 hobgoblins
  4 jackals (D:2)
  A kobold (D:3)
  4 quokkas
  A bat (D:3)
  6 frilled lizards
  14 goblins
  5 rats
61 creatures vanquished.

Notes
Turn   | Place    | Note
-------+----------+-------------------------------------------
     0 | D:1      | MTVSty1e the Minotaur Fighter began the quest for the Orb.
     0 | D:1      | Reached XP level 1. HP: 19/19 MP: 0/0
   353 | D:1      | Reached skill level 3 in Axes
   361 | D:1      | Reached XP level 2. HP: 27/27 MP: 1/1
  1149 | D:2      | Reached XP level 3. HP: 33/33 MP: 2/2
  1209 | D:2      | Reached skill level 4 in Axes
  1615 | D:3      | Noticed Ijyb
  1616 | D:3      | Noticed Robin
  1632 | D:2      | Killed Ijyb
  1633 | D:2      | Reached XP level 4. HP: 21/41 MP: 3/3
  1751 | D:3      | Killed Robin
  1763 | D:3      | Reached skill level 5 in Axes
  1898 | D:3      | Noticed an ice beast
  1899 | D:3      | Noticed gabibbone's ghost (amateur SpEn)
  1901 | D:3      | Found a transporter.
  1915 | D:3      | Noticed Terence
  1922 | D:3      | Slain by an orc

Illustrated notes

Levels and vault maps discovered:
D:1:      giann_forest_graveyard, layout_loops_ring, serial_co_window_serial,
          co_window_paths_a, co_window_cross_1, co_window_paths_b,
          co_window_paths_b, co_window_of_opportunity_a,
          co_window_unsneaky_path_c, co_window_broadway_c, co_window_corner_ca,
          co_window_paths_c, co_window_4corner_a, glass_columns_b
D:2:      layout_rooms
D:3:      layout_basic, gammafunk_ghost_arena, minmay_tree_intersection,
          minmay_fractal_squares_gapless_5, uniq_ijyb, uniq_terence, uniq_robin

Skill      XL: |  1  2  3  4 |
---------------+-------------+-----
Axes           | 3 4 5 |  5.1
Fighting       | 4 |  4.8
Armour         | |  3.6
Shields        | |  3.6

Action                   |  1- 3 |  4- 6 || total
-------------------------+-------+-------++-------
Melee: War axe           |    76 |    35 ||   111
       Headbutt          |    10 |     1 ||    11
  Use: Scroll            |     7 |       ||     7
       Potion            |     1 |     2 ||     3
Armor: Scale mail        |    36 |    21 ||    57
Dodge: Dodged            |    37 |    25 ||    62
Block: Buckler           |    16 |    15 ||    31

Table legend: (Time is in decaauts)
 A = Elapsed time spent in this place.
 B = Non-inter-level travel time spent in this place.
 C = Inter-level travel time spent in this place.
 D = Time resting spent in this place.
 E = Time spent auto-exploring this place.
 F = Levels seen in this place.
 G = Mean time per level.
                   A        B        C        D        E       F      G
               +--------+--------+--------+--------+--------+-----+--------+
         Total |   1957 |   1897 |     60 |    147 |   1415 |   3 |  652.3 |
       Dungeon |   1957 |   1897 |     60 |    147 |   1415 |   3 |  652.3 |
               +--------+--------+--------+--------+--------+-----+--------+

Top non-repeatable levels by time:
     D:1: 1106 daAuts
     D:2: 624 daAuts
     D:3: 227 daAuts
